 Dungeon Crawl Stone Soup version 0.30-a0-718-geaa24f58ff (webtiles) character file.

Game seed: 16130338008665807856

49 karrick the Trooper (level 3, -3/24 HPs)
             Began as a Gargoyle Fighter on Jan 26, 2023.
             Killed from afar by Robin (8 damage)
             ... with a puff of flame
             ... on level 2 of the Dungeon.
             The game lasted 00:05:07 (775 turns).

karrick the Trooper (Gargoyle Fighter)               Turns: 775, Time: 00:05:07

Health: -3/24      AC: 10    Str: 19    XL:     3   Next: 77%
Magic:  3/3        EV:  9    Int:  8    God:
Gold:   88         SH:  4    Dex: 11    Spells: 2/2 levels left

rFire   . . .      SeeInvis .    a - +0 war axe
rCold   . . .      Faith    .    c - +0 buckler
rNeg    + . .      Spirit   .    b - +0 scale mail
rPois   ∞          Reflect  .    (no helmet)
rElec   +          Harm     .    (no cloak)
rCorr   .          Rampage  .    (no gloves)
Will    .....                    (no boots) Stlth
                                 (no amulet)
HPRegen 0.24/turn                (no ring)
MPRegen 0.08/turn                (no ring)

@: no status effects
A: sickness immunity, AC +3, negative energy resistance 1, electricity
resistance, torment resistance 1, petrification resistance
a: no special abilities


You were on level 2 of the Dungeon.
You visited 1 branch of the dungeon, and saw 2 of its levels.

You collected 88 gold pieces.

Inventory:

Hand Weapons
 a - a +0 war axe (weapon)
Armour
 b - a +0 scale mail (worn)
 c - a +0 buckler (worn)
Scrolls
 e - a scroll of noise {unknown}
 g - 5 scrolls of identify {unknown}
 h - 2 scrolls of teleportation {unknown}
 i - a scroll of silence {unknown}
Potions
 f - 2 potions of curing {unknown}
 j - a potion of flight {unknown}


   Skills:
 + Level 3.7 Fighting
 + Level 2.8 Axes
 + Level 3.6 Armour
 + Level 3.5 Shields


You had 2 spell levels left.
You didn't know any spells.
Your spell library contained the following spells:

 Spells                   Type           Power      Damage    Failure   Level
 Beastly Appendage        Tmut           0%         N/A       86%         1
 Wereblood                Tmut           0%         N/A       94%         2
 Spider Form              Tmut/Pois      0%         N/A       99%         3
 Ice Form                 Ice/Tmut       0%         N/A       100%        4
 Yara's Violent Unravell  Hex/Tmut       0%         3d3       100%        5
 Storm Form               Tmut/Air       0%         N/A       100%        7


Dungeon Overview and Level Annotations

Branches:
Dungeon (2/15)

Altars:

Annotations:
D:2 Robin


Innate Abilities, Weirdness & Mutations

You are immune to sickness and miasma.
Your stone body is resilient. (AC +3)
You are immune to poison.
You resist negative energy. (rN+)
You are resistant to electric shocks. (rElec)
You are resistant to unholy torment.
You are immune to petrification.


Message History

You barely miss the worm.
The worm is heavily wounded.
The worm bites you but does no damage.
You slash the worm!
You kill the worm!
You see here a worm corpse.
There is a stone staircase leading down here.
You start resting.
HP restored.
You climb downwards.
Level annotation: Robin Robin flexes a bicep menacingly.
Robin barely misses you. The hobgoblin hits you. You block Robin's attack.
The hobgoblin barely misses you.
The goblin hits you with a +2 dagger of speed.
There is a stone staircase leading up here.
You hit Robin.
Robin is lightly wounded.
You barely miss the hobgoblin. You barely miss the goblin.
You block the goblin's attack.
The hobgoblin hits you but does no damage.
Robin roars a battlecry!
The goblins go into a battle-frenzy!
The goblin misses you.
You barely miss Robin.
Robin is lightly wounded.
You hit the hobgoblin. You hit the goblin. The hobgoblin barely misses you.
Robin hits you but does no damage. The goblin hits you but does no damage.
The goblin barely misses you. Robin hits you with a +0 mace.
The hobgoblin hits you.
You are too injured to fight recklessly!
You slash Robin!
Robin is severely wounded.
You miss the goblin. You hit the hobgoblin.
You kill the hobgoblin!
The goblin barely misses you.
The goblin hits you with a +2 dagger of speed.
* * * LOW HITPOINT WARNING * * *
Robin zaps a wand.
The puff of flame hits you!
You die...

..........................##
$......)..##......).........
......†...#.......).........
......))..#.................
...)......#.....(..........#
..........#................#
...........................#
...........g#...............
....###...g@#.##############
.... ###.#.# ......# #.
#.#.# #...... #.### .......
#.. ....... ## .......
....... ....... .......


You could see Robin and a goblin (strong).

Vanquished Creatures
  2 worms (D:1)
  An endoplasm (D:1)
  A giant cockroach (D:1)
  6 hobgoblins
  5 jackals (D:1)
  3 ball pythons
  4 bats (D:1)
  2 frilled lizards
  11 goblins
  2 kobolds (D:1)
  2 rats
39 creatures vanquished.

Notes
Turn   | Place    | Note
-------+----------+-------------------------------------------
     0 | D:1      | karrick the Gargoyle Fighter began the quest for the Orb.
     0 | D:1      | Reached XP level 1. HP: 14/14 MP: 1/1
     6 | D:1      | Got the Reference Book on Contaminants and the Shift
    73 | D:1      | Reached XP level 2. HP: 17/19 MP: 2/2
   441 | D:1      | Reached XP level 3. HP: 23/23 MP: 3/3
   605 | D:2      | Noticed Robin
   775 | D:2      | Killed from afar by Robin

Illustrated notes

Levels and vault maps discovered:
D:1:      psy_arrival_dodecagon, layout_rooms, st_stairs_4
D:2:      layout_basic, dk_vineyard_3, uniq_robin, uniq_crazy_yiuf_cottage

Skill      XL: |  1  2 |
---------------+-------+-----
Axes           | 2 |  2.8
Fighting       | |  3.7
Armour         | |  3.6
Shields        | |  3.5

Action                     || total
---------------------------++-------
  Melee: War axe           ||    92
    Use: Potion            ||     1
 Armour: Scale mail        ||    79
  Dodge: Dodged            ||    83
  Block: Buckler           ||    30

Table legend: (Time is in decaauts)
 A = Elapsed time spent in this place.
 B = Non-inter-level travel time spent in this place.
 C = Inter-level travel time spent in this place.
 D = Time resting spent in this place.
 E = Time spent auto-exploring this place.
 F = Levels seen in this place.
 G = Mean time per level.
                   A        B        C        D        E       F      G
               +--------+--------+--------+--------+--------+-----+--------+
         Total |    816 |    802 |     14 |    131 |    444 |   2 |  408.0 |
       Dungeon |    816 |    802 |     14 |    131 |    444 |   2 |  408.0 |
               +--------+--------+--------+--------+--------+-----+--------+

Top non-repeatable levels by time:
     D:1: 718 daAuts
     D:2: 97 daAuts
